 Dungeon Crawl Stone Soup version 0.31-a0-267-g3fc6992b3b (webtiles) character file.

Game seed: 10981899263434696540

5 British0li the Sneak (level 1, 0/18 HPs)
             Began as a Demonspawn Delver on July 14, 2023.
             Slain by a centaur zombie (1 damage)
             ... on level 4 of the Dungeon.
             The game lasted 00:00:36 (89 turns).

British0li the Sneak (Demonspawn Delver)              Turns: 89, Time: 00:00:37

Health: 0/18       AC:  3    Str: 12    XL:     1   Next: 66%
Magic:  1/1        EV: 11    Int: 11    God:
Gold:   0          SH:  0    Dex: 14    Spells: 0/0 levels left

rFire   . . .        a - +0 falchion
rCold   . . .        (no shield)
rNeg    . . .        b - +0 leather armour
rPois   .            (no helmet)
rElec   .            (no cloak)
rCorr   .            (no gloves)
SInv    .            (no boots)
Will    .....        (no amulet)
Stlth   +++          (no ring)
HPRegen 0.23/turn    (no ring)
MPRegen 0.07/turn

%: no passive effects
@: no status effects
A: no striking features
a: no special abilities


You were on level 4 of the Dungeon.
You visited 1 branch of the dungeon, and saw 2 of its levels.

Inventory:

Hand Weapons
 a - a +0 falchion (weapon)
Armour
 b - a +0 leather armour (worn)
Wands
 g - a wand of digging (3)
Scrolls
 c - a scroll of fog
 d - a scroll of revelation
Potions
 f - a potion of haste


   Skills:
 + Level 3.1 Fighting
 + Level 1.9 Long Blades
 + Level 1.9 Dodging
 + Level 4.6 Stealth


You couldn't memorise any spells.
You didn't know any spells.
Your spell library was empty.

Dungeon Overview and Level Annotations

Branches:
Dungeon (5/15)
 Temple: D:4-7

Altars:

Annotations:
D:4 Sigmund
D:5 Grinder


Message History

The centaur zombie barely misses you.
Sigmund gestures wildly while chanting.
Sigmund flickers and vanishes!
Deactivating autopickup; reactivate with Ctrl-A.
The centaur zombie barely misses you. The centaur zombie closely misses you.
The centaur zombie attacks as you move away!
The centaur zombie hits you.
The centaur zombie kicks you but does no damage.
The centaur zombie attacks as you move away!
The centaur zombie hits you. The centaur zombie kicks you.
The centaur zombie hits you.
* * * LOW HITPOINT WARNING * * *
The centaur zombie kicks you but does no damage.
The centaur zombie attacks as you move away!
The centaur zombie barely misses you. The centaur zombie kicks you.
* * * LOW HITPOINT WARNING * * *
An adder zombie and a centaur zombie come into view.
A scorpion zombie comes into view.
The centaur zombie hits you.
* * * LOW HITPOINT WARNING * * *
The centaur zombie kicks you.
* * * LOW HITPOINT WARNING * * *
The centaur zombie attacks as you move away!
The centaur zombie hits you but does no damage.
The centaur zombie barely misses you.
Found a sling.
You can't see any enemies this would affect, really read the scroll of fear? [Y]es or [N]o only, please.
You can't see any enemies this would affect, really read the scroll of fear?
As you read the scroll of fear, it crumbles to dust.
You assume a fearsome visage.
The centaur zombie is unaffected.
The scorpion zombie is unaffected.
The adder zombie is unaffected.
The centaur zombie is unaffected.
The centaur zombie barely misses you.
The centaur zombie kicks you but does no damage.
The air fills with toxic fumes!
As you read the scroll labelled DONEIS VUTIXAI, it crumbles to dust.
It was a scroll of poison.
The centaur zombie barely misses you. The centaur zombie kicks you.
* * * LOW HITPOINT WARNING * * *
The centaur zombie hits you.
You die...

#......# #§§§§§§# ###
#§§§§§§# ...
#§§§§§§#########...
§#####§§§§§§##§.........
§§§§§#§§§§§§§§§####.....
§§§§§§§§§§§§{######.#.".
8§§§§§§§§§§§§§§.....####
§§.Z§Z§@Z###........#
§§.§Z##### #.......##
§§§. #.......### §
#.........#
#.......#...#
###.......###.#
..........# .
###.......# #.......####


You could see an adder zombie, a scorpion zombie and 2 centaur zombies.

Vanquished Creatures
  An ufetubus (D:5)
1 creature vanquished.

Notes
Turn   | Place    | Note
-------+----------+-------------------------------------------
     0 | D:5      | British0li the Demonspawn Delver began the quest for the
                  | Orb.
     0 | D:5      | Reached XP level 1. HP: 18/18 MP: 1/1
    23 | D:5      | Noticed an ogre
    47 | D:5      | Noticed Grinder
    64 | D:4      | Noticed Sigmund
    89 | D:4      | Slain by a centaur zombie

Illustrated notes

Levels and vault maps discovered:
D:4:      layout_rooms, minmay_temple_entry_wispy, serial_undead,
          serial_undead_c, serial_undead_b, serial_undead_e, serial_undead_e,
          chequers_hall_statues_corner_a, uniq_sigmund, uniq_natasha
D:5:      layout_rooms, uniq_grinder

Action                     || total
---------------------------++-------
  Melee: Falchion          ||     5
    Use: Scroll            ||     2
 Armour: Leather armour    ||    10
  Dodge: Dodged            ||    18

Table legend: (Time is in decaauts)
 A = Elapsed time spent in this place.
 B = Non-inter-level travel time spent in this place.
 C = Inter-level travel time spent in this place.
 D = Time resting spent in this place.
 E = Time spent auto-exploring this place.
 F = Levels seen in this place.
 G = Mean time per level.
                   A        B        C        D        E       F      G
               +--------+--------+--------+--------+--------+-----+--------+
         Total |     89 |     89 |      0 |      0 |     21 |   2 |   44.5 |
       Dungeon |     89 |     89 |      0 |      0 |     21 |   2 |   44.5 |
               +--------+--------+--------+--------+--------+-----+--------+

Top non-repeatable levels by time:
     D:5: 60 daAuts
     D:4: 29 daAuts
